 Dungeon Crawl Stone Soup version 0.25-a0-294-gea9b1ad378 (webtiles) character file.

Game seed: 4986876412203642111, levelgen mode: deterministic

3131 RedPan the Magician (level 9, -4/67 HPs)
             Began as a Red Draconian Ice Elementalist on Dec 18, 2019.
             Was a Follower of Sif Muna.
             Killed by divine providence
             ... invoked by an orc priest
              (11 damage)
             ... on level 8 of the Dungeon.
             The game lasted 00:21:45 (9174 turns).

RedPan the Magician (DrIE)                          Turns: 9174, Time: 00:21:46

Health: -4/67      AC:  9    Str: 11    XL:     9   Next: 61%
Magic:  18/20      EV: 13    Int: 18    God:    Sif Muna [*.....]
Gold:   583        SH:  0    Dex: 12    Spells: 11/23 levels left

rFire    + . .     SeeInvis .   s - +1 spear (venom)
rCold    . . .     Gourm    .   (no shield)
rNeg     . . .     Faith    .   (armour unavailable)
rPois    .         Spirit   .   (helmet restricted)
rElec    .         Reflect  .   k - +1 cloak (curse)
rCorr    .         Harm     .   (no gloves)
MR       +....                  (no boots)
Stlth    ++........             g - amulet of magic regeneration
HPRegen  0.21/turn              u - ring of protection from magic
MPRegen  0.42/turn              (no ring)

@: no status effects
A: breathe fire, unfitting armour, fire resistance 1, cold-blooded, AC +7
a: Breathe Fire, Channel Magic, Renounce Religion


You were on level 8 of the Dungeon.
You worshipped Sif Muna.
Sif Muna was aware of your devotion.
You were hungry.

You visited 2 branches of the dungeon, and saw 9 of its levels.

You collected 583 gold pieces.

Inventory:

Hand Weapons
 d - a +1 short sword
 s - a +1 spear of venom (weapon)
Armour
 k - a cursed +1 cloak (worn)
Jewellery
 g - an amulet of magic regeneration (around neck)
 i - an uncursed ring of ice
 u - a ring of protection from magic (left hand)
Wands
 o - a wand of paralysis (5)
Scrolls
 c - 8 scrolls of remove curse
 f - 3 scrolls of teleportation
 j - 2 scrolls of enchant armour
 n - a scroll of vulnerability {unknown}
 p - 2 scrolls of fog
 q - a scroll of enchant weapon
Potions
 a - 2 potions of curing
 e - 2 potions of heal wounds
 h - 5 potions of might
 l - 2 potions of mutation
 m - a potion of agility
 r - a potion of flight
 t - a potion of brilliance
 v - 2 potions of cancellation
Comestibles
 b - 14 rations


   Skills:
 + Level 2.2 Fighting
 + Level 2.8 Dodging
 - Level 2.0 Stealth
 + Level 7.7 Spellcasting
 + Level 3.1 Conjurations
 - Level 7.1 Summonings
 - Level 6.0 Ice Magic
 + Level 2.2 Invocations


You had 11 spell levels left.
You knew the following spells:

 Your Spells              Type           Power        Failure   Level  Hunger
a - Freeze                Ice            ####         1%          1    None
b - Summon Ice Beast      Ice/Summ       ####....     7%          4    ###....
c - Ozocubu's Armour      Chrm/Ice       ###.....     9%          3    #......
d - Hailstorm             Conj/Ice       ###.....     16%         4    ###....

Your spell library contained the following spells:

 Spells                   Type           Power        Failure   Level  Hunger
 Summon Small Mammal      Summ           ####         1%          1    None
 Animate Skeleton         Necr           N/A          10%         1    None
 Apportation              Tloc           #.....       10%         1    None
 Beastly Appendage        Tmut           #.....       10%         1    None
 Confusing Touch          Hex            #.....       10%         1    None
 Corona                   Hex            #......      10%         1    None
 Slow                     Hex            #.......     16%         2    None
 Sticks to Snakes         Tmut           #.......     16%         2    None
 Ice Form                 Ice/Tmut       ###.....     28%         4    ###....
 Inner Flame              Hex/Fire       #.......     30%         3    #......
 Portal Projectile        Hex/Tloc       #.....       30%         3    #......
 Spider Form              Tmut/Pois      #.........   30%         3    #......
 Cause Fear               Hex            #.........   69%         4    ###....
 Leda's Liquefaction      Hex/Erth       #.........   69%         4    ###....
 Blade Hands              Tmut           #.........   95%         5    #####..


Dungeon Overview and Level Annotations

Branches:
Dungeon (8/15)             Temple (1/1) D:5            Lair (0/6) D:8

Altars:
Ashenzari
Cheibriados
Dithmenos
Elyvilon
Fedhas
Gozag
Hepliaklqana
Kikubaaqudgha
Makhleb
Nemelex Xobeh
Okawaru
Qazlal
Ru
Sif Muna
Trog
Uskayaw
Vehumet
Wu Jian
Yredelemnul
Zin
The Shining One


Innate Abilities, Weirdness & Mutations

You can breathe blasts of fire.
Your fiery red scales are hard. (AC +7)
You cannot fit into any form of body armour.
Your flesh is heat resistant. (rF+)
You are cold-blooded and may be slowed by cold attacks.


Message History

The orc warrior suddenly stops moving!
Casting: Summon Ice Beast (safe; 7% risk of failure)
Confirm with . or Enter, or press ? or * to list all spells.
A chill wind blows around you.
You are feeling hungry.
You swap places.
What are your orders? t - Shout!
Orders for allies: a - Attack new target. p - Attack previous target. r - Retreat! s - Stop attacking. g - Guard the area. f - Follow me.
Anything else - Cancel.
Gang up on whom?
Press: ? - help, Dir - move target cursor, f/p - orc warrior
Aim: an orc warrior, wielding a +0 trident and wearing a +0 plate armour (heavily wounded, paralysed) Attack!
Your ice beast hits the orc warrior but does no damage.
The orc priest calls down the wrath of Beogh upon you.
Beogh smites you!
You die...

*,,,,,,,*
#.#
#.....#
*,*******
#.#
#####.#
*,* #.#
#.# *,*
#.# #.#
*,* #.#
#.# *,*
#.# #.#
*,*
######.#
#.# *>*
#......#
#.#
*,*****
#@######
#.#
*,,,,,*
#.# #.#
*****,*
#.# #.#
*,* #Y#
#.# *,*
#o# #.#
*,*
#o#####
#.# *,***
#oo..!#
#####.#
*,*<**
#####o#
#......
*,,,,*
#.#
#.###..


You could see an orc warrior (paralysed), an orc priest, 2 orcs and a friendly
ice beast.

Vanquished Creatures
  A basilisk (D:8)
  A yak (D:8)
  Menkaure (D:6)
  2 sky beasts (D:6)
  A phantom (D:5)
  2 centaurs
  2 crocodiles (D:8)
  A bullfrog (D:6)
  4 scorpions
  5 killer bees (D:8)
  2 crimson imps
  A bullfrog zombie (D:7)
  A jelly (D:6)
  An orc priest (D:5)
  3 hounds
  2 bullfrog skeletons
  A centaur skeleton (D:5)
  An orc wizard (D:5)
  2 iguanas
  3 worker ants (D:4)
  A hound zombie (D:6)
  A hound skeleton (D:7)
  4 gnolls
  7 adders
  An ooze (D:1)
  An adder skeleton (D:7)
  A worm (D:2)
  3 dart slugs
  4 leopard geckos
  7 orcs
  9 bats
  10 giant cockroaches
  7 goblins
  7 hobgoblins
  14 jackals
  2 quokkas
  4 ball pythons
  6 frilled lizards
  7 kobolds
  A quokka zombie (D:6)
  7 rats
141 creatures vanquished.

Vanquished Creatures (collateral kills)
  2 yaks (D:8)
  A porcupine (D:8)
  A sky beast (D:6)
  A phantom (D:6)
  7 ogres
  2 crocodiles (D:8)
  A scorpion (D:6)
  A howler monkey (D:5)
  A bullfrog zombie (D:6)
  3 orc priests
  A centaur skeleton (D:4)
  A hound (D:6)
  A jelly (D:6)
  3 orc wizards
  2 bullfrog skeletons
  An iguana (D:6)
  3 worker ants
  A hound zombie (D:5)
  An adder (D:6)
  A shadow imp (D:5)
  An adder skeleton (D:8)
  A leopard gecko (D:5)
  8 orcs
  A jackal (D:6)
  A quokka (D:6)
47 creatures vanquished.

Grand Total: 188 creatures vanquished

Notes
Turn   | Place    | Note
-------+----------+-------------------------------------------
     0 | D:1      | RedPan the Draconian Ice Elementalist began the quest for
                  | the Orb.
     0 | D:1      | Reached XP level 1. HP: 14/14 MP: 3/3
   589 | D:1      | Reached XP level 2. HP: 20/20 MP: 0/5
  1057 | D:1      | Reached XP level 3. HP: 19/26 MP: 0/6
  2318 | D:2      | Found a sparkling altar of Nemelex Xobeh.
  2454 | D:2      | Reached XP level 4. HP: 31/33 MP: 4/8
  2476 | D:2      | Learned a level 4 spell: Summon Ice Beast
  3101 | D:3      | Noticed a centaur
  3109 | D:3      | Killed a centaur
  3109 | D:3      | Reached skill level 1 in Summonings
  3109 | D:3      | Reached skill level 5 in Ice Magic
  3109 | D:3      | Reached XP level 5. HP: 26/38 MP: 4/10
  3135 | D:3      | Noticed an air elemental
  3136 | D:3      | Found a stormy altar of Qazlal.
  3137 | D:3      | Noticed a fire elemental
  3137 | D:3      | Noticed a water elemental
  3356 | D:3      | Learned a level 3 spell: Ozocubu's Armour
  4298 | D:4      | Reached XP level 6. HP: 41/45 MP: 7/11
  5312 | D:5      | Entered Level 5 of the Dungeon
  5324 | D:5      | Your scales start taking on a fiery red colour.
  5324 | D:5      | Reduced skill Ice Magic to level 5
  5324 | D:5      | Reached XP level 7. HP: 39/50 MP: 8/13
  5324 | D:5      | Gained mutation: Your flesh is heat resistant. (rF+) [Red
                  | Draconian growth]
  5534 | D:5      | Found a blossoming altar of Fedhas.
  5742 | D:5      | Reached skill level 5 in Spellcasting
  6209 | D:5      | Found a staircase to the Ecumenical Temple.
  6244 | Temple   | Entered the Ecumenical Temple
  6350 | Temple   | Became a worshipper of Sif Muna the Loreminder
  6491 | D:6      | Noticed Menkaure
  6499 | D:6      | Killed Menkaure
  6518 | D:6      | Reached XP level 8. HP: 41/57 MP: 13/16
  6766 | D:6      | Found an ornate altar of the Wu Jian Council.
  6766 | D:6      | Found an opulent altar of Gozag.
  6766 | D:6      | Found a hazy altar of Hepliaklqana.
  6803 | D:6      | Reached skill level 5 in Summonings
  6867 | D:6      | Found a white marble altar of Elyvilon.
  7183 | D:6      | Found a blossoming altar of Fedhas.
  7753 | D:7      | Reached * piety under Sif Muna
  8245 | D:7      | Reached XP level 9. HP: 62/62 MP: 19/19
  8306 | D:7      | Learned a level 4 spell: Hailstorm
  8452 | D:8      | Reached skill level 1 in Conjurations
  8532 | D:8      | Found a staircase to the Lair.
  8574 | D:8      | Reached skill level 1 in Fighting
  8574 | D:8      | Reached skill level 1 in Invocations
  9174 | D:8      | Killed from afar by an orc priest

Levels and vault maps discovered:
D:1:      sevenhm_arrival_forest_fort_small_5, layout_basic, serial_forest,
          infiniplex_forest_side_room, infiniplex_forest_end_1,
          infiniplex_forest_pool, infiniplex_forest_lined_room_2,
          infiniplex_forest_lined_3, infiniplex_forest_lined_corner,
          infiniplex_forest_clump_long, infiniplex_forest_straight_4,
          infiniplex_forest_end_double, infiniplex_forest_clump_small,
          kennysheep_small_spiral
D:2:      layout_basic, first_ration, hangedman_decor_slide_cut,
          chequers_serial_rivers_micro_c, nemelex_spade_bored_becter
D:3:      layout_loops_corners, nicolae_qazlal_style_of_elements
D:4:      layout_loops_ring
D:5:      layout_cave_pools, minmay_temple_entry_mini_moons, basic_altar
D:6:      minmay_chambers_of_threes, layout_loops_ring, old_standard_altar,
          chequers_temple_overflow_statue_of_worship, basic_altar,
          solitary_fountain, uniq_menkaure
D:7:      layout_basic, hangedman_abyss_or_decor_slice
D:8:      layout_loops_ring, minmay_lair_entry_grove, hangedman_ranch
          [blue_anna_fruit_fields], fedhas_ov_isle_minmay
Temple:   minmay_crystal_spiral_temple

Skill      XL: |  1  2  3  4  5  6  7  8  9 |
---------------+----------------------------+-----
Stealth        | 2 |  2.0
Dodging        | 2 |  2.8
Spellcasting   | 3 4 5 6 7 |  7.7
Summonings     | 1 2 3 4 6 7 |  7.1
Ice Magic      | 5 5 6 |  6.0
Conjurations   | 3 |  3.1
Fighting       | 2 |  2.2
Invocations    | 2 |  2.2

Action                   |  1- 3 |  4- 6 |  7- 9 || total
-------------------------+-------+-------+-------++-------
Melee: Short sword       |    19 |    10 |       ||    29
       Unarmed           |     2 |       |       ||     2
       Tailslap          |     3 |     3 |    11 ||    17
       Halberd           |       |    34 |    28 ||    62
       Spear             |       |       |   148 ||   148
 Cast: Freeze            |    57 |    93 |    85 ||   235
       Summon Ice Beast  |       |     5 |    42 ||    47
 Abil: Breathe Fire      |       |       |     1 ||     1
Evoke: Wand              |       |       |     7 ||     7
  Use: Scroll            |     3 |     7 |     9 ||    19
       Potion            |       |     1 |       ||     1
 Stab: Sleeping          |     1 |     3 |     3 ||     7
       Distracted        |       |     1 |       ||     1
  Eat: Chunk             |     5 |    10 |    15 ||    30
       Ration            |       |       |     1 ||     1
Armor: Skin              |    16 |    31 |    54 ||   101
Dodge: Dodged            |    45 |    82 |   138 ||   265

Table legend:
 A = Non-vault XP
 B = Vault XP
 C = Vault XP percentage of total XP
 D = Non-vault monster count
 E = Vault monster count
 F = Vault count percentage of total count
                 A         B        C        D         E       F
            +---------+---------+-------+---------+---------+-------
      Total |    3131 |    1343 |  30.0 |     167 |      21 |  11.2
            +---------+---------+-------+---------+---------+-------
        D:1 |      62 |       0 |   0.0 |      24 |       0 |   0.0
        D:2 |      65 |       0 |   0.0 |      31 |       0 |   0.0
        D:3 |     215 |       0 |   0.0 |      22 |       0 |   0.0
        D:4 |     329 |       0 |   0.0 |      21 |       0 |   0.0
        D:5 |     637 |       0 |   0.0 |      23 |       0 |   0.0
        D:6 |     932 |     325 |  25.9 |      21 |       9 |  30.0
        D:7 |     448 |       0 |   0.0 |      12 |       0 |   0.0
        D:8 |     443 |    1018 |  69.7 |      13 |      12 |  48.0
            +---------+---------+-------+---------+---------+-------
